AoeStats
← EduPellon

Arabia

503401973Analyzed
1v1 RM · 1mo ago on Aug 31, 2026· 26m 41s· 2 players
Game mode
Random Map
Map size
Tiny (2 player)
Population
200
Speed
Normal
Resources
Standard
Victory
Conquest
Starting age
Dark Age
Ending age
Imperial Age
RankedLock teamsTeams togetherTeam positionsShared explorationLock speedFull tech treeHidden civsTurbo modeCheats
Victory
Defeat
🇺🇦 Spanish · Ukraine
513
+16
🇲🇽 Byzantines · Mexico
506
-16
EduPellon
12:53 Feudal Age
14:33 Loom
15:32 Wheelbarrow
18:10 Forging
21:26 Scale Mail Armor
24:40 Castle Age
MAKORD UA
13:44 Feudal Age
15:08 Wheelbarrow
14:34 Stone Mining
14:35 Double-Bit Axe
22:02 Castle Age
23:05 Fletching
Connection lost

Rejoining the realm…

Still unreachable

The connection could not be restored.

Session expired

The server has moved on; the page needs a fresh start.